[Event "*** Titled Tuesday Blitz"]
[Site "Chess.com"]
[Date "2021.03.09"]
[Round "10"]
[White "LileKoridze"]
[Black "Etud-otradnoe"]
[Result "1/2-1/2"]
[WhiteElo "2426"]
[BlackElo "2322"]
[TimeControl "180+1"]
[EndTime "12:01:21 PST"]
[Termination "Game drawn by repetition"]

1. d4 d5 2. c4 dxc4 3. Nc3 a6 4.
a4 e5 5. e3 exd4 6. exd4 Nc6 7. Be3 Na5 8. Nf3 Nf6 9. Be2 Be6 10. O-O Be7 11. Ne5 Nd5 12. Nxd5 Bxd5 13. Rc1 b5 14.
axb5 axb5 15. Bf3 O-O 16. Bxd5 Qxd5 17. Qg4 f5 18. Qg3 Bf6 19. Rcd1 Nb3 20. Kh1 Rfe8 21. Nf3 Re7 22. Bf4 c6 23. Ne5 Nxd4 24. Rxd4 Qxd4 25.
Nxc6 Qxb2 26. Nxe7+ Kf7 27. Nxf5 Ra1 28. Ne3 Rxf1+ 29.
Nxf1 c3 30. Qe3 c2 31. Qc1 Qb1 32. Kg1 Bb2 33. Qd2 c1=Q 34. Qd7+ Kf6 35. Qd6+ Kf7 36.
Qd7+ Kg6 37. Bxc1 Qxc1 38. Qxb5 Bf6 39. Qd3+ Kf7 40. g3 g6 41. Kg2 Kg7 42. Ne3 Qc6+ 43. Kf1 Qe8 44. Ke2 Qf7 45. Qd5 h5 46. Qxf7+ Kxf7 47. Kf3 Kg7 48. Ke4 Ba1 49. f4 Kf7 50. h3 Bb2 51. Nd1 Ba1 52. Kf3 Bf6 53. Ne3 Bd4 54. Nd5 Bb2 55. Nb4 Bc3 56. Nd3 Bd2 57. Nc5 Bb4 58. Ne4 Ba5 59. Nd6+ Kg7 60. Nc4 Bb4 61. Ke4 Bc3 62. g4 Be1 63. f5 hxg4 64.
hxg4 gxf5+ 65. gxf5 Kf7 66. Ne5+ Kf8 67. Kd5 Bh4 68. Ke6 Ke8 69. Ng6 Bg5 70. Ne5 Bh4 71. Nf3 Bd8 72. Nd4 Bh4 73. Nc6 Bg5 74. Ne5 Bh4 1/2-1/2

[Event "*** Titled Tuesday Blitz"]
[Site "Chess.com"]
[Date "2021.03.09"]
[Round "10"]
[White "CM_rui"]
[Black "TST2014"]
[Result "0-1"]
[WhiteElo "2377"]
[BlackElo "2595"]
[TimeControl "180+1"]
[EndTime "12:01:25 PST"]
[Termination "TST2014 won by checkmate"]

1. e4 c5 2. Nf3 Nc6 3. c4 e5 4.
Nc3 g6 5. d3 Bg7 6. Be2 Nge7 7.
a3 O-O 8. Rb1 d6 9. O-O f5 10. b4 f4 11. Bd2 h6 12. h3 g5 13.
Nh2 Nd4 14. Bg4 f3 15. Nxf3 Bxg4 16. hxg4 Nxf3+ 17. gxf3 Ng6 18. bxc5 Nh4 19. Nd5 Nxf3+ 20. Kg2 Kh8 21. Rh1 dxc5 22. Rh3 Nh4+ 23. Kg1 b6 24. Bc3 Qd7 25. Qe2 Nf3+ 26. Kf1 Qxg4 27. Rg3 Qh5 28. Qe3 Qh1+ 29. Ke2 Qxb1 30. Rxf3 Qc2+ 31.
Bd2 Rxf3 32. Qxf3 Rf8 33. Qg3 b5 34. Ne7 Rf6 35. Nf5 bxc4 36. Qxe5 Qxd3+ 37. Ke1 Qb1+ 38. Ke2 Qd3+ 39. Ke1 c3 40. Bxc3 Rf7 41. Nxg7 Qb1+ 42. Ke2 Qc2+ 43. Bd2 Qc4+ 44. Ke1 Rxg7 45. Qe8+ Kh7 46.
Qe5 Qf7 47. Bc3 Rg8 48. Ke2 Re8 49. Qxc5 Rxe4+ 50. Kf1 Rf4 51. Qe3 g4 52. Qe5 h5 53.
Qh8+ Kg6 54. Qe5 Rxf2+ 55. Ke1 Rf5 56. Qe4 Kg5 57. Kd1 Rf1+ 58. Kc2 Qf2+ 59. Bd2+ Kh4 60.
Qe7+ Kh3 61. Qg5 Qf5+ 62. Qxf5 Rxf5 63. Kd3 g3 64. Be3 g2 65. Bg1 Kg3 66. Bxa7 Rf1 67.
a4 h4 68. a5 h3 69. Bb8+ Kg4 70. Bh2 Ra1 71. a6 Rxa6 72. Ke2 Ra2+ 73. Ke1 Kf3 74.
Bg1 Ra1+ 75. Kd2 Rxg1 76. Kd3 h2 77. Kd4 h1=N 78. Ke5 Rf1 79. Kf5 g1=N 80. Kg5 Ne2 81. Kh4 Nf2 82. Kh5 Nd3 83. Kg5 Nd4 84. Kf6 Nb4 85. Ke7 Nb5 86. Kd7 Rc1 87. Ke6 Ke4 88.
Kf6 Rc5 89. Ke6 Nd4+ 90. Kd7 Rc6 91. Kd8 Nd5 92. Kd7 Ra6 93. Kc8 Ke5 94. Kb7 Rb6+ 95. Ka7 Nb5+ 96. Ka8 Ndc7# 0-1

[Event "*** Titled Tuesday Blitz"]
[Site "Chess.com"]
[Date "2021.03.09"]
[Round "10"]
[White "Aslanov_Umid"]
[Black "UmarovSabir"]
[Result "0-1"]
[WhiteElo "2398"]
[BlackElo "2304"]
[TimeControl "180+1"]
[EndTime "12:01:51 PST"]
[Termination "UmarovSabir won by checkmate"]

1. e4 g6 2. d4 Bg7 3. Nc3 c6 4.
Be3 d5 5. Qd2 dxe4 6. Nxe4 Nd7 7.
O-O-O Ngf6 8. Nxf6+ Nxf6 9. f3 Be6 10. Kb1 Nd5 11.
Bh6 Bxh6 12. Qxh6 Qa5 13. Qd2 Qxd2 14. Rxd2 O-O-O 15. Bc4 Nc3+ 16. bxc3 Bxc4 17. Ne2 Rd5 18. Nc1 a5 19. Re1 e6 20. Nd3 Rb5+ 21. Ka1 Bxd3 22.
Rxd3 Rd8 23. Re4 a4 24. a3 Rh5 25. h3 b5 26. Rde3 Kc7 27. Rf4 Rd7 28. Kb2 Rhd5 29. Rh4 h5 30. Rf4 Kd8 31. g4 Ke7 32. Rfe4 Rd8 33.
Re5 hxg4 34. hxg4 Rh8 35. f4 Rh4 36. f5 Rxg4 37. fxe6 Rxe5 38. Rxe5 fxe6 39. Rc5 Kd6 40. Re5 g5 41. Re3 Rg2 42. c4 bxc4 43. Kc3 g4 44. Re5 g3 45. Rg5 Ke7 46. Kxc4 Rxc2+ 47. Kb4 Rd2 48. Rxg3 Rxd4+ 49. Kc5 Rd5+ 50. Kb4 e5 51. Kxa4 Ke6 52. Kb4 e4 53. Kc4 Kf5 54. a4 Rd8 55. a5 Kf4 56. Rh3 e3 57. Rh7 e2 58. Re7 Kf3 59. Rf7+ Kg2 60. Re7 Kf2 61. Rf7+ Ke3 62. Re7+ Kd2 63. Kc5 Rd5+ 64. Kb6 Rb5+ 65. Ka6 e1=Q 66.
Rxe1 Kxe1 67. Ka7 Rxa5+ 68. Kb6 Ra2 69. Kxc6 Kd2 70. Kd5 Kd3 71. Ke6 Ra5 72. Kf6 Ke4 73. Ke6 Rd5 74. Ke7 Ke5 75. Ke8 Rd6 76. Kf8 Ke6 77. Kg7 Kf5 78. Kf7 Re6 79. Kg7 Rf6 80. Kh7 Rg6 81. Kh8 Rg1 82. Kh7 Kf6 83. Kh6 Rh1# 0-1

[Event "*** Titled Tuesday Blitz"]
[Site "Chess.com"]
[Date "2021.03.09"]
[Round "10"]
[White "Zhuu96"]
[Black "RD4ever"]
[Result "1/2-1/2"]
[WhiteElo "2914"]
[BlackElo "2919"]
[TimeControl "180+1"]
[EndTime "12:02:09 PST"]
[Termination "Game drawn by repetition"]

1. d4 Nf6 2. c4 e6 3. g3 d5 4. Nf3 Be7 5. Bg2 O-O 6. O-O c6 7. Qc2 b6 8. b3 Bb7 9. Nbd2 Nbd7 10. Bb2 Rc8 11. e4 dxe4 12. Nxe4 c5 13. Nxf6+ Nxf6 14.
Rad1 Qc7 15. dxc5 Qxc5 16. Bd4 Qh5 17. Ne5 Bxg2 18. Kxg2 Rfd8 19. Rfe1 Bb4 20. Re2 Ng4 21. Nf3 Bc5 22. Bxc5 Qxc5 23. Red2 Rxd2 24. Qxd2 h6 25. h3 Ne5 26. Nxe5 Qxe5 27. Qd7 Rc7 28. Qd8+ Kh7 29.
Rd3 Qe4+ 30. Kh2 Rc8 31. Qd4 Qxd4 32. Rxd4 Rc7 33. g4 g5 34. Kg3 Kg6 35. h4 gxh4+ 36.
Kxh4 Kf6 37. f4 Kg6 38. Rd6 Rc5 39. a4 Rc7 40. Rd8 Re7 41. b4 e5 42. f5+ Kg7 43. Rd6 Rc7 44. Kh5 Rxc4 45. f6+ Kh7 46. Rd7 Kg8 47.
Kxh6 Rc8 48. Re7 Kf8 49. Rxe5 Rc4 50. Kh5 Rxb4 51. a5 Rf4 52. Kg5 Rd4 53. axb6 axb6 54. Kf5 Rd1 55. Re7 Rf1+ 56. Kg5 Rc1 57. Rb7 Kg8 58.
Rxb6 Kh7 59. Rb5 Rc6 60. Re5 Rb6 61. Kf5 Kh6 62. g5+ Kh7 63. Rd5 Rc6 64. Re5 Rb6 65. Re8 Rb5+ 66. Kg4 Rb1 67. Rf8 Rg1+ 68. Kf4 Rf1+ 69.
Ke5 Re1+ 70. Kd4 Kg6 71. Rg8+ Kf5 72. Rg7 Rd1+ 73. Ke3 Ke6 74. Ke2 Rg1 75. Kf3 Ra1 76.
Kg4 Rh1 77. Rg8 Rg1+ 78. Kf3 Rf1+ 79. Kg4 Rg1+ 80. Kf4 Rf1+ 81. Ke4 Re1+ 82. Kf3 Rf1+ 83. Kg2 Ra1 84. Rg7 Ra2+ 85. Kh3 Ra4 86. Rh7 Ra3+ 87. Kh4 Ra1 88. Rg7 Rh1+ 89. Kg4 Rg1+ 90. Kh3 Rh1+ 91. Kg2 Ra1 92. Rh7 Ra2+ 93. Kf3 Ra1 94.
Ke4 Re1+ 95. Kf4 Rf1+ 96. Ke4 Re1+ 97. Kf4 Rf1+ 98. Ke4 Re1+ 1/2-1/2

[Event "*** Titled Tuesday Blitz"]
[Site "Chess.com"]
[Date "2021.03.09"]
[Round "10"]
[White "exoticprincess"]
[Black "jposthuma"]
[Result "1-0"]
[WhiteElo "2880"]
[BlackElo "2679"]
[TimeControl "180+1"]
[EndTime "12:02:16 PST"]
[Termination "exoticprincess won by checkmate"]

1. e4 c6 2. c4 d5 3. cxd5 cxd5 4. exd5 Nf6 5. Qa4+ Nbd7 6. Nc3 g6 7. Nf3 Bg7 8. Bc4 O-O 9. d3 a6 10. Qa3 b6 11.
O-O Bb7 12. Re1 Re8 13. Be3 b5 14. Bb3 Nb6 15. d6 exd6 16. Ng5 d5 17. Qa5 Nbd7 18.
Qxd8 Raxd8 19. Bd4 Nf8 20. a4 b4 21. Na2 h6 22. Nf3 Ne6 23. Nxb4 Nxd4 24. Nxd4 Ng4 25. Nbc6 Rxe1+ 26. Rxe1 Bxc6 27. Nxc6 Rd6 28. Bxd5 Bxb2 29.
g3 Kg7 30. Bf3 Nf6 31. Rb1 Rxd3 32. Rxb2 Rxf3 33. Ne5 Ra3 34. Rb7 Ne4 35. Rxf7+ Kg8 36. Ra7 Rxa4 37. Nxg6 Ra1+ 38. Kg2 Ra2 39. Kf3 Nxf2 40.
Kf4 Nd3+ 41. Kg4 Rxh2 42. Rxa6 Re2 43. Kh5 Rh2+ 44. Nh4 Rh3 45. Rg6+ Kf7 46. Kxh6 Ne5 47. Rg7+ Kf6 48. Kh7 Nf7 49. Rg6+ Ke7 50. Kg7 Ne5 51.
Nf5+ Kd7 52. Rd6+ Kc7 53. Re6 Ng4 54. Kg6 Nf2 55. Kg5 Rh8 56. Kf4 Kd7 57. Re7+ Kd8 58. Re2 Nh3+ 59. Kg4 Ng1 60. Rg2 Rh1 61. Nd4 Nh3 62.
Nf3 Kd7 63. Rd2+ Ke7 64. Re2+ Kf6 65. Ra2 Ng1 66. Ra1 Nh3 67. Ra6+ Kg7 68. Ra7+ Kf6 69.
Ra6+ Kg7 70. Kf5 Nf2 71. Ra2 Nh3 72. g4 Rf1 73. Ke4 Rf2 74. Ra7+ Kf6 75. Ra6+ Kg7 76. Ne5 Re2+ 77. Kd5 Nf4+ 78. Kd4 Re1 79. Ra7+ Kf6 80. Ra6+ Kg5 81. Nf3+ Kxg4 82. Nxe1 Ne2+ 83. Ke3 Nf4 84. Nd3 Ng2+ 85. Kd4 Nh4 86. Ra4 Nf5+ 87. Kc3+ Kg5 88. Nb4 Kf6 89. Ra5 Ke6 90. Nd5 Nd6 91. Nf4+ Kd7 92. Ra6 Nb5+ 93. Kd3 Nc7 94. Rh6 Ke7 95.
Ke4 Kd7 96. Ke5 Kc8 97. Nd5 Nb5 98. Rh7 Kb8 99. Nb4 Nc7 100. Nc6+ Kc8 101. Na7+ Kb8 102. Nc6+ Kc8 103. Kd6 Nb5+ 104. Kc5 Nc7 105. Rf7 Ne6+ 106. Kb6 Nd8 107. Rc7# 1-0

[Event "*** Titled Tuesday Blitz"]
[Site "Chess.com"]
[Date "2021.03.09"]
[Round "10"]
[White "Lupul_Cenusiu"]
[Black "Vanina1989"]
[Result "1/2-1/2"]
[WhiteElo "2576"]
[BlackElo "2732"]
[TimeControl "180+1"]
[EndTime "12:02:21 PST"]
[Termination "Game drawn by 50-move rule"]

1. d4 d5 2. c4 c6 3. Nc3 Nf6 4. Nf3 dxc4 5. g3 Bf5 6. Bg2 e6 7. Ne5 Bb4 8. Nxc4 O-O 9. O-O Nbd7 10. a3 Bxc3 11. bxc3 Be4 12. f3 Bg6 13. e4 Nb6 14. Ne5 Nfd7 15. Be3 Nxe5 16. dxe5 Nc4 17. Qd4 Qxd4 18.
Bxd4 b6 19. f4 c5 20. Bf2 Nd2 21. Rfe1 Rfd8 22. g4 h6 23. a4 Rd3 24. f5 Bh7 25. a5 Rad8 26. axb6 axb6 27. Ra7 Rxc3 28. Bh4 Re8 29.
Rd1 Nc4 30. fxe6 fxe6 31. Rdd7 Rc1+ 32. Kf2 Rf8+ 33. Bf6 Rc2+ 34. Kg3 Rxg2+ 35. Kxg2 Bxe4+ 36. Kg3 gxf6 37. Rg7+ Kh8 38. exf6 Rxf6 39. Rge7 Rf8 40. Rxe6 Bd3 41. h4 Kg8 42. g5 hxg5 43. hxg5 Rf7 44. Ree7 Rxe7 45. Rxe7 b5 46. Rc7 Nd6 47. Kf4 Ne4 48.
Rd7 c4 49. g6 b4 50. Rb7 b3 51. Ke5 c3 52. Rxb3 c2 53. Rb8+ Kg7 54. Rc8 Kxg6 55.
Kd4 Nf2 56. Ke3 Bf5 57. Kd2 Bxc8 58. Kxc2 Kf5 59. Kd2 Ne4+ 60. Kc2 Ke5 61. Kd3 Ba6+ 62.
Ke3 Bc4 63. Kf3 Kd4 64. Kf4 Be6 65. Kf3 Nc3 66. Kf4 Nd5+ 67. Kg5 Ke5 68. Kg6 Nf4+ 69. Kg5 Bf5 70. Kh6 Ke6 71. Kg5 Nd5 72. Kh6 Kf6 73. Kh5 Nc3 74. Kh4 Ne4 75. Kh5 Bg6+ 76. Kh6 Bf7 77. Kh7 Ng5+ 78. Kh8 Ne6 79. Kh7 Nf4 80. Kh8 Ng6+ 81. Kh7 Be6 82. Kh6 Bg4 83. Kh7 Nf8+ 84. Kh8 Ne6 85. Kh7 Kg5 86. Kh8 Bh5 87. Kh7 Bg6+ 88.
Kh8 Kf6 89. Kg8 Ng5 90. Kh8 Nf7+ 91. Kg8 Nh6+ 92. Kh8 Bf7 93. Kh7 Nf5 94. Kh8 Ne7 95. Kh7 Be8 96. Kh8 Kf5 97. Kg7 Ng6 98. Kh7 Kg5 99. Kg7 Bd7 100. Kh7 Be6 101. Kg7 Bd5 102. Kh7 Ne7 103. Kg7 Nf5+ 104. Kh8 Kf6 105. Kh7 Bf7 106. Kh8 Bg6 107. Kg8 Kg5 108. Kh8 1/2-1/2

[Event "*** Titled Tuesday Blitz"]
[Site "Chess.com"]
[Date "2021.03.09"]
[Round "11"]
[White "Niktlt"]
[Black "Leonid_Starozhilov"]
[Result "1/2-1/2"]
[WhiteElo "2482"]
[BlackElo "2687"]
[TimeControl "180+1"]
[EndTime "12:03:33 PST"]
[Termination "Game drawn by agreement"]

1. c4 Nf6 2. Nc3 g6 3. g3 Bg7 4. Bg2 O-O 5. d4 d6 6. Nf3 c6 7. O-O Bf5 8. b3 Ne4 9. Bb2 Nxc3 10. Bxc3 Be4 11. Bh3 Bxf3 12. exf3 e6 13. f4 Nd7 1/2-1/2

[Event "*** Titled Tuesday Blitz"]
[Site "Chess.com"]
[Date "2021.03.09"]
[Round "11"]
[White "Promacherr"]
[Black "Omk124"]
[Result "0-1"]
[WhiteElo "2613"]
[BlackElo "2483"]
[TimeControl "180+1"]
[EndTime "12:05:25 PST"]
[Termination "Omk124 won by resignation"]

1. d4 Nf6 2. Nf3 g6 3. Bg5 Bg7 4. Nbd2 d5 5. c3 O-O 6. e3 b6 7. Be2 Bb7 8. O-O Nbd7 9. Re1 h6 10. Bh4 c5 11. a4 a6 12. b4 cxb4 13. cxb4 Rc8 14. Qb3 e6 15. Rac1 Qe7 16. Ne5 g5 17. Bg3 Nxe5 18. Bxe5 Ne4 19. Nxe4 Bxe5 20. dxe5 dxe4 21.
Qb2 Rfd8 22. h3 Qd7 23. a5 b5 24. Rxc8 Rxc8 25. Rd1 Bd5 26. Qd4 Qc7 27. Kh2 Qc3 28. Qb6 Qxe5+ 29. g3 Rc6 30. Qd8+ Kg7 31. Kg2 Rc2 32.
Bh5 Qb2 33. Rf1 Bc4 34. Qe7 Bxf1+ 35. Kg1 Rxf2 0-1

[Event "*** Titled Tuesday Blitz"]
[Site "Chess.com"]
[Date "2021.03.09"]
[Round "11"]
[White "Sjakkerntobi"]
[Black "Mihnea2017"]
[Result "0-1"]
[WhiteElo "2385"]
[BlackElo "2501"]
[TimeControl "180+1"]
[EndTime "12:05:34 PST"]
[Termination "Mihnea2017 won by resignation"]

1. e4 c5 2. Nf3 Nc6 3. d4 cxd4 4. Nxd4 Nf6 5. Nc3 e5 6. Ndb5 d6 7. Bg5 a6 8. Na3 b5 9. Bxf6 gxf6 10. Nd5 f5 11. Bd3 Be6 12. c3 Bg7 13. Nc2 fxe4 14. Bxe4 O-O 15. g4 Kh8 16. Nce3 Ne7 17. Bc2 Nxd5 18.
Nxd5 f5 19. gxf5 Bxf5 20. Rg1 Qh4 21. Bxf5 Rxf5 22. Qe2 Raf8 23. O-O-O Rxf2 24. Qe4 Qxe4 0-1

[Event "*** Titled Tuesday Blitz"]
[Site "Chess.com"]
[Date "2021.03.09"]
[Round "11"]
[White "federicosellitti"]
[Black "vinniethepooh"]
[Result "0-1"]
[WhiteElo "2542"]
[BlackElo "2719"]
[TimeControl "180+1"]
[EndTime "12:05:36 PST"]
[Termination "vinniethepooh won by checkmate"]

1. e4 c5 2. Nc3 d6 3. g3 Nc6 4.
Bg2 g6 5. d3 Bg7 6. Be3 e6 7.
Qd2 Nge7 8. Bh6 O-O 9. h4 Bxh6 10.
Qxh6 f6 11. Qd2 h5 12. g4 hxg4 13. f3 e5 14. h5 g5 15. O-O-O Nd4 16. fxg4 Bxg4 17.
Rf1 b5 18. Nh3 b4 19. Nb1 Ne2+ 20. Kd1 Nc3+ 21. Kc1 Nxa2# 0-1

[Event "*** Titled Tuesday Blitz"]
[Site "Chess.com"]
[Date "2021.03.09"]
[Round "11"]
[White "paulrusan"]
[Black "FredyMatsuura"]
[Result "1-0"]
[WhiteElo "2306"]
[BlackElo "2205"]
[TimeControl "180+1"]
[EndTime "12:05:45 PST"]
[Termination "paulrusan won by resignation"]

1. e4 c5 2. b4 cxb4 3. Bb2 d5 4. exd5 Nf6 5. Bb5+ Bd7 6. Bc4 b5 7. Bb3 a5 8. a4 bxa4 9. Rxa4 Bxa4 10. Bxa4+ Nbd7 11. Nf3 Nxd5 12. Ne5 Nb6 13. Qf3 Qc7 14. Bxd7+ Nxd7 15. Qxa8+ Qb8 16. Qxa5 1-0

[Event "*** Titled Tuesday Blitz"]
[Site "Chess.com"]
[Date "2021.03.09"]
[Round "11"]
[White "MillyNeuf"]
[Black "bazar-wokzal"]
[Result "0-1"]
[WhiteElo "2282"]
[BlackElo "2450"]
[TimeControl "180+1"]
[EndTime "12:05:48 PST"]
[Termination "bazar-wokzal won by resignation"]

1. e4 Nc6 2. Nc3 Nf6 3. Bc4 Nxe4 4. Bxf7+ Kxf7 5. Nxe4 e5 6. d3 d5 7. Ng5+ Kg8 8. Qf3 Qd7 9. Ne2 h6 10. Nh3 Bc5 11. Be3 Bb4+ 12. c3 Be7 13. O-O-O Qg4 14.
Qxd5+ Be6 15. Qf3 Qxf3 16. gxf3 Bxh3 0-1

[Event "*** Titled Tuesday Blitz"]
[Site "Chess.com"]
[Date "2021.03.09"]
[Round "11"]
[White "niki_2003"]
[Black "Chamal_Gedgafov"]
[Result "0-1"]
[WhiteElo "2033"]
[BlackElo "2216"]
[TimeControl "180+1"]
[EndTime "12:05:48 PST"]
[Termination "Chamal_Gedgafov won by resignation"]

1. e4 c5 2. Nf3 e6 3. d4 cxd4 4. Nxd4 a6 5. Nc3 Qc7 6. g3 Nc6 7. Bg2 b6 8. e5 Bb7 9. Nxc6 Bxc6 10. Ne4 Qxe5 11. Bf4 Qa5+ 12. Bd2 Qb5 13. a4 Qxb2 14. Bc3 Qxc3+ 15. Nxc3 Bxg2 16. Rg1 Bc6 17. a5 b5 18. Na2 Nf6 19. f3 Be7 20. Qd3 O-O 21. O-O-O Bd5 22. Nc3 Bc4 23. Qd4 d5 24. f4 Rfc8 25. g4 Bc5 26.
Qd2 Bb4 27. Qd4 Bxa5 0-1

[Event "*** Titled Tuesday Blitz"]
[Site "Chess.com"]
[Date "2021.03.09"]
[Round "11"]
[White "Zmeeed63"]
[Black "Fighter008"]
[Result "0-1"]
[WhiteElo "2455"]
[BlackElo "2618"]
[TimeControl "180+1"]
[EndTime "12:05:49 PST"]
[Termination "Fighter008 won by resignation"]

1. d4 Nf6 2. c4 g6 3. Nc3 Bg7 4. Nf3 d6 5. Bg5 O-O 6. e3 h6 7. Bh4 Qe8 8. Be2 e5 9. d5 Nh7 10. O-O f5 11. h3 g5 12. Bg3 f4 13. Bh2 Bf5 14. e4 Bc8 15. b4 Nd7 16. Nb5 Qd8 17. Rc1 Ndf6 18. Qd3 h5 19. c5 g4 20. hxg4 hxg4 21. Nh4 Nxe4 22. Qxe4 Qxh4 23. Nxc7 Bf5 24. Qc4 Ng5 25. Bxf4 exf4 26. Qxf4 Be5 27. g3 Nh3+ 28. Kh1 Nxf2+ 29. Kg2 Be4+ 30. Kxf2 Rxf4+ 0-1

[Event "*** Titled Tuesday Blitz"]
[Site "Chess.com"]
[Date "2021.03.09"]
[Round "11"]
[White "Mbneu"]
[Black "SergeyShtyka"]
[Result "1-0"]
[WhiteElo "2294"]
[BlackElo "2407"]
[TimeControl "180+1"]
[EndTime "12:05:53 PST"]
[Termination "Mbneu won by checkmate"]

1. d4 c5 2. d5 e5 3. g3 d6 4. Bg2 Be7 5. e4 Bg5 6. Ne2 Bxc1 7. Qxc1 Nf6 8. O-O O-O 9. Nd2 Nbd7 10. f4 exf4 11.
gxf4 Re8 12. Ng3 Nf8 13. a4 Ng6 14. Nc4 b6 15. Ne3 Ba6 16. Rf2 Qc7 17. c4 Bc8 18.
Qc3 Bd7 19. Re1 a6 20. Nef5 Bxa4 21. Nxg7 Ng4 22. N7h5 Nxf2 23. Qg7# 1-0

[Event "*** Titled Tuesday Blitz"]
[Site "Chess.com"]
[Date "2021.03.09"]
[Round "11"]
[White "Duhless"]
[Black "AlexeiShirov"]
[Result "1-0"]
[WhiteElo "3032"]
[BlackElo "2865"]
[TimeControl "180+1"]
[EndTime "12:06:11 PST"]
[Termination "Duhless won by resignation"]

1. d4 d5 2. c4 c6 3. Nf3 Nf6 4. Nc3 e6 5. g3 dxc4 6. Bg2 b5 7. Ne5 a6 8. O-O Bb7 9. b3 b4 10. Ne4 c3 11. Ng5 Rg8 12. Nexf7 Qe7 13. Bf4 Qxf7 14. Nxf7 Kxf7 15. a3 Nbd7 16. axb4 Bxb4 17. e4 a5 18. Qc2 Ba6 19. Rfe1 Rac8 20. Bh3 g6 21. d5 Nc5 22.
dxe6+ Nxe6 23. Be5 c5 24. Bxe6+ Kxe6 25. Bxc3 Ng4 26.
Bxb4 cxb4 27. Qd1 1-0

[Event "*** Titled Tuesday Blitz"]
[Site "Chess.com"]
[Date "2021.03.09"]
[Round "11"]
[White "TeukkaSalama"]
[Black "KarateBaby"]
[Result "1-0"]
[WhiteElo "2348"]
[BlackElo "2205"]
[TimeControl "180+1"]
[EndTime "12:06:24 PST"]
[Termination "TeukkaSalama won by resignation"]

1. d4 g6 2. h4 Bg7 3. h5 Nf6 4. h6 Bf8 5. Nc3 d5 6. Nf3 c5 7. e3 Nc6 8. Bb5 Bg4 9. Qe2 cxd4 10.
exd4 e6 11. Bg5 Be7 12. O-O Qb6 13. Qe5 Bxf3 14. Bxf6 Qxb5 15. Nxb5 Nxe5 16. Bxe5 Be2 17. Nc7+ Kd7 18. Nxa8 Bxf1 19. Bxh8 1-0

[Event "*** Titled Tuesday Blitz"]
[Site "Chess.com"]
[Date "2021.03.09"]
[Round "11"]
[White "KacperPolOK"]
[Black "XDPS"]
[Result "0-1"]
[WhiteElo "2508"]
[BlackElo "2706"]
[TimeControl "180+1"]
[EndTime "12:06:27 PST"]
[Termination "XDPS won by resignation"]

1. e4 c5 2. Nc3 a6 3. g3 b5 4. Bg2 Bb7 5. d3 g6 6. Nf3 Bg7 7. O-O d6 8. Be3 b4 9. Na4 e5 10. b3 Ne7 11. Nb2 O-O 12. Nc4 Nbc6 13. Nh4 h6 14. Kh1 g5 15. Nf5 Nxf5 16. exf5 d5 17. Nb2 Nd4 18. Bxd4 cxd4 19. Na4 Rc8 20. Qd2 a5 21. Rac1 e4 22. Rfe1 Re8 23. Re2 Qf6 24. g4 h5 25. Rce1 hxg4 26. dxe4 dxe4 27. Bxe4 Rxe4 28.
Rxe4 Qxf5 29. f3 Qxf3+ 30. Qg2 Qxg2+ 31. Kxg2 f5 0-1

[Event "*** Titled Tuesday Blitz"]
[Site "Chess.com"]
[Date "2021.03.09"]
[Round "11"]
[White "Pantata007"]
[Black "Maddie"]
[Result "1-0"]
[WhiteElo "2281"]
[BlackElo "2074"]
[TimeControl "180+1"]
[EndTime "12:06:31 PST"]
[Termination "Pantata007 won by resignation"]

1. d4 d5 2. c4 c6 3. Nc3 Nf6 4. e3 e6 5. Nf3 Be7 6. Bd3 O-O 7. O-O dxc4 8. Bxc4 Nbd7 9. e4 Nb6 10. Bd3 c5 11.
Be3 cxd4 12. Bxd4 Bd7 13. Qe2 Bc6 14. Rfd1 Qc7 15. Rac1 Rad8 16. h3 a6 17. Qe3 Nbd7 18. e5 Nd5 19. Nxd5 exd5 20. e6 fxe6 21. Qxe6+ Kh8 22.
Qxe7 Rde8 1-0

[Event "*** Titled Tuesday Blitz"]
[Site "Chess.com"]
[Date "2021.03.09"]
[Round "11"]
[White "CzechmVIII"]
[Black "pfalcon1949"]
[Result "1-0"]
[WhiteElo "2243"]
[BlackElo "2057"]
[TimeControl "180+1"]
[EndTime "12:06:41 PST"]
[Termination "CzechmVIII won by resignation"]

1. e4 c5 2. Nf3 Nc6 3. Nc3 e5 4. Bc4 Be7 5. d3 Nf6 6. Ng5 O-O 7. h4 a6 8. Nd5 b5 9. Nxf6+ Bxf6 10. Qh5 h6 11.
Bxf7+ Kh8 12. Qg6 Bxg5 13. hxg5 Ne7 14. Rxh6+ 1-0

[Event "*** Titled Tuesday Blitz"]
[Site "Chess.com"]
[Date "2021.03.09"]
[Round "11"]
[White "kuhlmann"]
[Black "mr65"]
[Result "1-0"]
[WhiteElo "2398"]
[BlackElo "2119"]
[TimeControl "180+1"]
[EndTime "12:07:21 PST"]
[Termination "kuhlmann won by resignation"]

1. a4 Nf6 2. g3 g6 3. Bg2 Bg7 4. d3 O-O 5. Nd2 d6 6. e4 e5 7.
Ngf3 Bg4 8. h3 Be6 9. Ng5 Bd7 10. O-O Qc8 11. Kh2 h6 12. Ngf3 Nh7 13. c3 f5 14.
exf5 gxf5 15. Nh4 c6 16. Nc4 Rf6 17. f4 e4 18. dxe4 fxe4 19. Nxd6 Rxd6 20. Qxd6 Na6 21. Re1 Nf6 22. Be3 Nc7 23. Ng6 Kh7 24. Ne5 Be6 25. g4 Bf8 26. Qd4 Ncd5 27. Bxe4+ Nxe4 28. Qxe4+ Kh8 29. Ng6+ Kg7 30. Bd4+ Kf7 31. Nh8+ Ke7 32. f5 Qc7+ 33. Kh1 Qg3 34. Qxe6+ Kd8 35. Bf6+ Nxf6 36.
Qxf6+ Kc7 37. Qe5+ Bd6 38. Qxg3 Bxg3 39. Re3 Bf2 40.
Rf3 Rxh8 41. Rxf2 h5 1-0

[Event "*** Titled Tuesday Blitz"]
[Site "Chess.com"]
[Date "2021.03.09"]
[Round "11"]
[White "WiktoriaPOL"]
[Black "LEGENYA1998"]
[Result "1-0"]
[WhiteElo "2092"]
[BlackElo "2246"]
[TimeControl "180+1"]
[EndTime "12:07:30 PST"]
[Termination "WiktoriaPOL won by resignation"]

1. e4 Nc6 2. d4 d5 3. e5 Bf5 4.
c3 e6 5. f4 Nh6 6. Nf3 Bxb1 7.
Rxb1 Nf5 8. Bd3 g6 9. g4 Nh4 10.
O-O h5 11. g5 Nxf3+ 12. Qxf3 Qd7 13. h4 O-O-O 14. b4 Ne7 15. Bd2 Nf5 16. a4 Nxh4 17. Qf2 Nf5 18. b5 Kb8 19. a5 Rc8 20. b6 c5 21. bxa7+ Kxa7 22. Rb2 h4 23. Rfb1 Rc7 24. a6 bxa6 25. Bxa6 c4 26. Ra2 1-0

[Event "*** Titled Tuesday Blitz"]
[Site "Chess.com"]
[Date "2021.03.09"]
[Round "11"]
[White "Grineva_Marianna"]
[Black "jovencata"]
[Result "0-1"]
[WhiteElo "2270"]
[BlackElo "2196"]
[TimeControl "180+1"]
[EndTime "12:07:34 PST"]
[Termination "jovencata won by checkmate"]

1. e4 a6 2. Nf3 b5 3. d4 Bb7 4. Bd3 Nf6 5. O-O Nxe4 6. Re1 Nf6 7. a4 b4 8. Bd2 e6 9. Ne5 Be7 10. f4 O-O 11. f5 Nc6 12. Nf3 exf5 13. Bxf5 a5 14. Be3 Bd6 15. h3 Ne7 16. Bd3 Ned5 17. Bf2 Re8 18. Nbd2 Nf4 19. Bc4 N6d5 20. Ne4 Rxe4 21.
Rxe4 Qf6 22. Qe1 Nb6 23. Bh4 Qg6 24. Re8+ Bf8 25. Bd3 Qxg2# 0-1

[Event "*** Titled Tuesday Blitz"]
[Site "Chess.com"]
[Date "2021.03.09"]
[Round "11"]
[White "SanchezKelvin"]
[Black "InitiatingASC"]
[Result "1-0"]
[WhiteElo "2591"]
[BlackElo "2430"]
[TimeControl "180+1"]
[EndTime "12:07:35 PST"]
[Termination "SanchezKelvin won by resignation"]

1. d4 Nf6 2. c4 g6 3. Nc3 Bg7 4. Nf3 O-O 5. e4 d6 6. Be2 Nc6 7. O-O e5 8. d5 Ne7 9. Ne1 Ne8 10. Nd3 f5 11. f3 f4 12. c5 g5 13.
cxd6 cxd6 14. Nf2 h5 15. Bd2 Nf6 16. h3 Rf7 17. Qb3 Ng6 18. Rac1 Bf8 19. Nb5 Rg7 20.
Rc2 a6 21. Nc7 Rb8 22. Ne6 Bxe6 23. dxe6 Be7 24. Rfc1 Nh4 25. Be1 Qe8 26. Rc7 Qg6 27. Rc8+ Rxc8 28. Rxc8+ Kh7 29. Qxb7 g4 30. hxg4 hxg4 31.
fxg4 Nh5 32. Rc7 f3 33. Bxf3 Nxf3+ 34. gxf3 Bg5 35. gxh5 1-0

[Event "*** Titled Tuesday Blitz"]
[Site "Chess.com"]
[Date "2021.03.09"]
[Round "11"]
[White "jd001"]
[Black "PowerThinking2650"]
[Result "0-1"]
[WhiteElo "2223"]
[BlackElo "2402"]
[TimeControl "180+1"]
[EndTime "12:07:39 PST"]
[Termination "PowerThinking2650 won by resignation"]

1. d4 Nf6 2. c4 g6 3. Nc3 Bg7 4.
e4 d6 5. Nf3 O-O 6. Be2 e5 7.
d5 a5 8. O-O Na6 9. Ne1 Nc5 10.
f3 Nh5 11. Be3 Nf4 12. Qd2 f5 13. g3 Nh3+ 14. Kg2 f4 15. Bxc5 dxc5 16. g4 Qh4 17. Nd3 h5 18. Qe1 Qxe1 19. Raxe1 hxg4 20. fxg4 Ng5 21. Nxc5 b6 22. Nd3 Ba6 23. b3 a4 24.
h4 Nf7 25. Nxa4 Bxc4 26. Nc1 Bxe2 27. Rxe2 Nd6 28. Rf3 Nb5 29. Rc3 Rxa4 30. bxa4 Nxc3 31. Rc2 f3+ 32. Kf1 Nxe4 33. Rxc7 f2 34. Ne2 Nd2+ 0-1